 Dungeon Crawl Stone Soup version 0.25-a0-565-g8875c97ebb (webtiles) character file.

Game seed: 6557716656240747738, levelgen mode: deterministic

5289 Flugslaktarn the Cleaver (level 10, -2/92 HPs)
             Began as a Deep Dwarf Fighter on Feb 26, 2020.
             Shot with an arrow by a centaur warrior (16 damage)
             ... on level 8 of the Dungeon.
             The game lasted 00:03:23 (5357 turns).

Flugslaktarn the Cleaver (Deep Dwarf Fighter)       Turns: 5357, Time: 00:03:24

Health: -2/92      AC: 12    Str: 24    XL:     10   Next: 37%
Magic:  5/5        EV:  7    Int:  8    God:
Gold:   479        SH: 11    Dex: 12    Spells: 9/9 levels left

rFire    + . .     SeeInvis .   l - +4 war axe "Ogrebane" {pain, rF+}
rCold    . . .     Gourm    .   c - +0 kite shield
rNeg     . . .     Faith    .   C - +0 chain mail
rPois    .         Spirit   .   (no helmet)
rElec    .         Reflect  .   y - +0 cloak
rCorr    .         Harm     .   (no gloves)
MR       +....                  (no boots)
Stlth    ..........             (no amulet)
HPRegen  0.00/turn              j - +3 ring of slaying
MPRegen  0.09/turn              (no ring)

@: lethally poisoned (-2 -> -2), non-regenerating
A: damage resistance, heal wounds, sense surroundings 2, no regeneration
a: Heal Wounds


You were on level 8 of the Dungeon.
You were not hungry.

You visited 2 branches of the dungeon, and saw 9 of its levels.
You also visited: Ossuary.

You collected 479 gold pieces.

Inventory:

Hand Weapons
 a - a +0 war axe
 l - the +4 war axe "Ogrebane" (weapon) {pain, rF+}
   (You found it on level 4 of the Dungeon)

   In the hands of one skilled in necromantic magic, it inflicts extra damage on
   living creatures.
   It protects you from fire.
Armour
 c - a +0 kite shield (worn)
 f - a scarf of repulsion
   (You found it on level 1 of the Dungeon)
 g - a scarf of resistance
   (You found it on level 1 of the Dungeon)
 y - a +0 cloak (worn)
   (You found it on level 3 of the Dungeon)
 C - a +0 chain mail (worn)
   (You took it off an orc on level 3 of the Dungeon)
Jewellery
 j - a +3 ring of slaying (left hand)
   (You found it on level 7 of the Dungeon)
 A - an uncursed ring of wizardry {unknown}
   (You found it on level 2 of the Dungeon)
Wands
 v - a wand of digging (5)
   (You found it on level 7 of the Dungeon)
Scrolls
 h - 8 scrolls of identify {unknown}
 i - 5 scrolls of teleportation {unknown}
 k - 5 scrolls of remove curse {unknown}
 m - 3 scrolls of immolation {unknown}
 n - a scroll of magic mapping {unknown}
 o - 2 scrolls of fear {unknown}
 t - 3 scrolls of enchant weapon {unknown}
 x - a scroll of holy word {unknown}
 F - a scroll of noise {unknown}
 G - 2 scrolls of enchant armour {unknown}
Potions
 d - 3 potions of might
 p - 4 potions of degeneration {unknown}
 q - 2 potions of berserk rage {unknown}
 r - 3 potions of flight {unknown}
 s - 4 potions of curing {unknown}
 u - a potion of stabbing {unknown}
 w - 2 potions of resistance {unknown}
 z - a potion of lignification {unknown}
 B - a potion of haste {unknown}
 D - a potion of brilliance {unknown}
 E - a potion of mutation {unknown}
Comestibles
 b - 15 chunks of flesh
 e - 13 rations


   Skills:
 + Level 6.9 Fighting
 * Level 10.8 Axes
 + Level 8.3 Armour
 + Level 8.3 Shields


You had 9 spell levels left.
You didn't know any spells.
Your spell library was empty.

Dungeon Overview and Level Annotations

Branches:
Dungeon (8/15)             Temple (1/1) D:7         Ossuary (visited)
   Lair: D:8-11

Altars:
Ashenzari
Cheibriados
Dithmenos
Elyvilon
Fedhas
Gozag
Hepliaklqana
Kikubaaqudgha
Nemelex Xobeh
Okawaru
Qazlal
Ru
Sif Muna
Trog
Uskayaw
Vehumet
Wu Jian
Xom
Yredelemnul
Zin
The Shining One

Shops:
D:7 [

Annotations:
D:3 1 runed translucent door, Killmatronix's ghost, weakling OpHu
D:8 1 runed translucent door, KennyOmg's ghost, novice MiBe


Innate Abilities, Weirdness & Mutations

You are resistant to damage.
You can heal yourself by infusing magical energy.
You passively map the area around you.
You do not regenerate.


Message History

You barely miss something. Something hits you.
The centaur warrior shoots an arrow.
The arrow hits you.
You hear a loud, deep croak!
You swing at nothing.
The centaur warrior shoots an arrow.
Something hits you.
The centaur warrior shoots an arrow.
Reactivating autopickup.
You feel a bit more experienced.
You swing at nothing.
The centaur warrior shoots an arrow.
The arrow hits you!
You hear an angry hiss.
You swing at nothing.
The centaur warrior shoots an arrow.
The arrow hits you!
* * * LOW HITPOINT WARNING * * *
The centaur warrior shoots an arrow.
You block the arrow.
You swing at nothing.
The centaur warrior shoots an arrow.
You block the arrow.
You swing at nothing.
You swing at nothing.
The centaur warrior shoots an arrow.
The arrow hits you!
* * * LOW HITPOINT WARNING * * *
A quasit comes into view.
The centaur warrior shoots an arrow.
You block the arrow.
You swing at nothing.
The centaur warrior shoots an arrow.
The arrow hits you!!
You die...

##.....## * *,
#..#....##., * , * #.
..##..#..#.#., *, #..
.###..##....## #.#
....#:###....# , #c5#
..÷###.....#..# #..# ,*
###.#(....###..#,#..#
.##..###..#.##.†#(.#*,.#
..#..##..##..###@###...#
#....#..##......)....# ,
##...÷.##....#########
.###.###..##........, ,
, .........########### *
* ..######## * .## , * *


You could see a centaur warrior and a quasit.

Vanquished Creatures
  2 two-headed ogres (D:8)
  Pikel (D:7)
  Prince Ribbit (D:6)
  Sigmund (D:6)
  Menkaure (D:7)
  2 orc warriors
  2 slaves (D:7)
  3 ice beasts
  3 phantoms
  An ogre (D:8)
  A centaur (D:5)
  A big kobold (D:7)
  An elf zombie (Ossuary)
  2 bullfrogs
  2 scorpions (D:8)
  A killer bee (D:8)
  3 howler monkeys
  5 crimson imps
  A centaur zombie (D:8)
  2 hounds
  A gnoll shaman (D:7)
  4 jellies
  Crazy Yiuf (D:2)
  2 bullfrog skeletons
  2 orc wizards
  Jessica (D:3)
  A centaur skeleton (D:8)
  5 iguanas
  Natasha (D:2)
  6 worker ants
  A big kobold zombie (Ossuary)
  4 mummies (Ossuary)
  2 howler monkey zombies
  A worker ant zombie (D:6)
  10 adders
  8 gnolls
  An ooze (D:4)
  An adder skeleton (D:6)
  3 worms
  2 dart slugs
  4 leopard geckos
  10 orcs
  8 bats
  3 giant cockroaches
  5 goblins
  8 hobgoblins
  12 jackals
  12 kobolds
  7 quokkas
  A ball python (D:5)
  3 frilled lizards
  2 gnoll zombies (Ossuary)
  A goblin zombie (Ossuary)
  4 jackal zombies (Ossuary)
  A kobold zombie (Ossuary)
  An orc zombie (Ossuary)
  5 rats
  A rat zombie (Ossuary)
  A spectral orc (D:3)
182 creatures vanquished.

Vanquished Creatures (others)
  An unseen horror (D:8)
1 creature vanquished.

Grand Total: 183 creatures vanquished

Notes
Turn   | Place    | Note
-------+----------+-------------------------------------------
     0 | D:1      | Flugslaktarn the Deep Dwarf Fighter began the quest for the
                  | Orb.
     0 | D:1      | Reached XP level 1. HP: 20/20 MP: 1/1
   353 | D:2      | Noticed a phantom
   396 | D:2      | Killed a phantom
   396 | D:2      | Reached skill level 3 in Axes
   396 | D:2      | Reached XP level 2. HP: 21/28 MP: 2/2
   396 | D:2      | Reached XP level 3. HP: 25/34 MP: 3/3
   396 | D:2      | Reached XP level 4. HP: 31/42 MP: 4/4
   411 | D:3      | Noticed Killmatronix's ghost (weakling OpHu)
   413 | D:3      | Found a runed translucent door.
   562 | D:4      | Got a steaming war axe
   563 | D:4      | Identified the +4 war axe "Ogrebane" {pain, rF+} (You found
                  | it on level 4 of the Dungeon)
   592 | D:4      | Found a sand-covered staircase.
   785 | D:4      | Reached skill level 4 in Axes
   785 | D:4      | Reached XP level 5. HP: 30/49 MP: 5/5
   925 | D:4      | Noticed a phantom
   930 | D:4      | Killed a phantom
  1130 | Ossuary  | Entered an ossuary
  1137 | Ossuary  | Reached XP level 6. HP: 53/56 MP: 6/6
  1155 | Ossuary  | Reached skill level 5 in Axes
  1443 | D:5      | Entered Level 5 of the Dungeon
  1546 | D:5      | Reached XP level 7. HP: 41/64 MP: 6/6
  1584 | D:5      | Found a sparkling altar of Nemelex Xobeh.
  1593 | D:5      | Reached skill level 5 in Armour
  1593 | D:5      | Reached skill level 5 in Shields
  1642 | D:5      | Found a white marble altar of Elyvilon.
  1667 | D:5      | Reached skill level 6 in Axes
  1952 | D:6      | Noticed Sigmund
  1971 | D:6      | Killed Sigmund
  1971 | D:6      | Reached XP level 8. HP: 50/73 MP: 7/7
  2064 | D:6      | Reached skill level 7 in Axes
  2379 | D:6      | Noticed Prince Ribbit
  2400 | D:6      | Killed Prince Ribbit
  2400 | D:6      | Reached skill level 5 in Fighting
  2624 | D:7      | Noticed Pikel
  2637 | D:7      | Killed Pikel
  2637 | D:7      | Reached skill level 8 in Axes
  2654 | D:7      | Found a snail-covered altar of Cheibriados.
  2656 | D:7      | Found Cheibriados's Comfort Zone.
  2688 | D:7      | Gained mutation: You passively map the area around you.
                  | [Deep Dwarf growth]
  2688 | D:7      | Reached XP level 9. HP: 72/81 MP: 7/7
  2785 | D:7      | Found a staircase to the Ecumenical Temple.
  2792 | Temple   | Entered the Ecumenical Temple
  2948 | D:7      | Noticed Menkaure
  2956 | D:7      | Killed Menkaure
  2995 | D:7      | Reached skill level 9 in Axes
  3165 | D:7      | Found a glowing golden altar of the Shining One.
  3228 | D:7      | Found a stormy altar of Qazlal.
  3436 | D:3      | Found a white marble altar of Elyvilon.
  3932 | D:3      | Noticed Jessica
  3936 | D:3      | Killed Jessica
  4052 | D:3      | Found a basalt altar of Yredelemnul.
  4126 | D:2      | Found a blossoming altar of Fedhas.
  4492 | D:2      | Found a runed translucent door.
  4493 | D:2      | Noticed Crazy Yiuf
  4500 | D:2      | Killed Crazy Yiuf
  4561 | D:2      | Found an iron altar of Okawaru.
  4853 | D:2      | Noticed Natasha
  4858 | D:2      | Killed Natasha
  5193 | D:8      | Noticed a two-headed ogre
  5211 | D:8      | Killed a two-headed ogre
  5211 | D:8      | Reached skill level 10 in Axes
  5211 | D:8      | Reached XP level 10. HP: 47/92 MP: 6/6
  5224 | D:8      | Found a runed translucent door.
  5224 | D:8      | Found a shimmering altar of Xom.
  5224 | D:8      | Noticed KennyOmg's ghost (novice MiBe)
  5224 | D:8      | Noticed a +2 short sword of chaos
  5291 | D:8      | Found a basalt altar of Yredelemnul.
  5291 | D:8      | Found a shadowy altar of Dithmenos.
  5319 | D:8      | Noticed a two-headed ogre
  5332 | D:8      | Killed a two-headed ogre
  5348 | D:8      | Noticed a centaur warrior
  5351 | D:8      | Killed an unseen horror
  5357 | D:8      | Shot with an arrow by a centaur warrior

Levels and vault maps discovered:
D:1:      wander_arrival_peaceful_grave, layout_basic
D:2:      layout_loops_corners, old_standard_altar,
          nicolae_overflow_crystal_walls, uniq_natasha, uniq_crazy_yiuf_cottage
D:3:      layout_basic, lemuel_doored_altar,
          yredelemnul_forgotten_temple_becter, hellmonk_ghost_happy_afterlife,
          uniq_jessica
D:4:      layout_loops_ring, enter_ossuary_1
D:5:      layout_basic, kennysheep_mini, first_ration, elyvilon_altar_5
D:6:      layout_gridville, uniq_sigmund, uniq_prince_ribbit1
D:7:      layout_loops_ring, tso_metal_star, minmay_temple_entry_nine_rooms,
          minmay_shop_chei, nicolae_qazlal_style_of_elements, uniq_menkaure,
          uniq_pikel
D:8:      minmay_the_grid_octo_triangle [minmay_the_grid_octo_pinwheel,
          minmay_the_grid_octo_prize_star, minmay_the_grid_octo_shrine],
          layout_basic, demons_altar, ebering_ghost_xom
Temple:   jpeg_temple_clearing

Skill      XL: |  1  2  3  4  5  6  7  8  9 10 |
---------------+-------------------------------+-----
Fighting       | 3 4 5 6 |  6.9
Axes           | 3 4 5 6 8 10 | 10.8
Armour         | 4 5 6 7 8 |  8.3
Shields        | 4 5 6 7 8 |  8.3

Action                   |  1- 3 |  4- 6 |  7- 9 | 10-12 || total
-------------------------+-------+-------+-------+-------++-------
Melee: War axe           |    32 |   122 |   350 |    42 ||   546
 Abil: Heal Wounds       |     2 |     2 |    13 |     3 ||    20
  Eat: Chunk             |       |     1 |    10 |     1 ||    12
       Ration            |       |     1 |       |       ||     1
Armor: Scale mail        |    14 |    39 |    60 |       ||   113
       Chain mail        |       |       |    41 |    21 ||    62
Dodge: Dodged            |     6 |    38 |    90 |     8 ||   142
Block: Kite shield       |    17 |    71 |   189 |    31 ||   308

Table legend:
 A = Non-vault XP
 B = Vault XP
 C = Vault XP percentage of total XP
 D = Non-vault monster count
 E = Vault monster count
 F = Vault count percentage of total count
                 A         B        C        D         E       F
            +---------+---------+-------+---------+---------+-------
      Total |    4079 |    3478 |  46.0 |     148 |      33 |  18.2
            +---------+---------+-------+---------+---------+-------
        D:1 |       4 |       0 |   0.0 |       2 |       0 |   0.0
        D:2 |     192 |      75 |  28.1 |      19 |       2 |   9.5
        D:3 |     174 |      38 |  17.9 |      42 |       2 |   4.5
        D:4 |     224 |       0 |   0.0 |      11 |       0 |   0.0
        D:5 |     612 |       0 |   0.0 |      15 |       0 |   0.0
        D:6 |     463 |     495 |  51.7 |      19 |       2 |   9.5
        D:7 |     706 |     798 |  53.1 |      25 |       2 |   7.4
        D:8 |    1704 |    1862 |  52.2 |      15 |       9 |  37.5
    Ossuary |       0 |     210 | 100.0 |       0 |      16 | 100.0
            +---------+---------+-------+---------+---------+-------
